Map: Blackburn LE

Players

evilPutty - Winner!

  • Race: Zerg Zerg
  • League: Bronze

Papa

  • Race: Terran Terran
  • League: Silver

VOD

Have the link to the VOD?

Description

Time

  • Played on: April 12, 2021, 10:45 p.m.
  • Length: 12:42
Show
View Real Time Build Order
Export as new Build Order

evilPutty Zerg - Winner!

Build Orders: Hatch First 

Get SALT Encoding   

  12  0:00  Drone  
  13  0:12  Overlord  
  13  0:17  Drone  
  14  0:32  Drone  
  14  0:33  Drone  
  17  0:42  Drone  
  17  0:53  Hatchery  
  16  1:00  Drone x2  
  18  1:16  Spawning Pool  
  18  1:17  Drone  
  18  1:20  Drone  
  19  1:28  Drone  
  20  1:39  Overlord  
  20  1:42  Extractor  
  19  1:50  Drone  
  20  2:02  Drone  
  21  2:11  Drone  
  21  2:12  Spine Crawler  
  21  2:17  Drone x2  
  23  2:23  Drone  
  23  2:24  Queen x2  
  23  2:29  Drone  
  29  2:38  Drone x2  
  31  2:47  Overlord  
  31  2:58  Drone  
  31  2:59  Drone  
  31  3:03  Drone  
  34  3:06  Lair  
  34  3:09  Drone  
  35  3:15  Drone  
  36  3:24  Roach Warren  
  35  3:30  Evolution Chamber  
  35  3:33  Drone x4  
  38  3:37  Extractor  
  38  3:40  Extractor, Drone  
  37  3:44  Overlord  
  37  3:47  Drone x5  
  42  3:58  Drone x2  
  44  4:03  Overlord  
  44  4:10  Extractor  
  44  4:13  Drone  
  44  4:19  Zerg Missile Weapons Level 1  
  44  4:21  Drone x3  
  47  4:25  Queen  
  49  4:32  Drone  
  49  4:33  Drone, Hydralisk Den  
  50  4:41  Roach  
  50  4:42  Roach x4, Overlord  
  50  4:43  Overlord  
  60  4:47  Hatchery  
  59  5:03  Drone  
  59  5:04  Drone x3  
  63  5:25  Hydralisk  
  63  5:26  Hydralisk x5  
  75  5:46  Hatchery  
  75  5:47  Drone x2  
  75  5:48  Overlord x4  
  76  5:59  Evolution Chamber  
  75  6:13  Zerg Ground Armor Level 1  
  75  6:33  Drone x9  
  84  6:53  Drone  
  86  6:54  Drone x2  
  86  6:55  Drone  
  86  7:00  Hydralisk x5  
  86  7:01  Extractor  
  97  7:03  Extractor  
  96  7:24  Infestation Pit, Zerg Missile Weapons Level 2  
  96  7:27  Hydralisk x12  
  119  7:31  Overlord  
  119  7:48  Drone  
  119  7:49  Overlord  
  119  7:50  Overlord x3  
  120  7:51  Drone  
  120  7:52  Drone  
  120  7:53  Drone  
  123  8:04  Hydralisk x2  
  127  8:06  Overlord x4  
  127  8:07  Overlord x2  
  127  8:16  Hydralisk x6  
  127  8:17  Hydralisk x3  
  145  8:22  Hive  
  145  8:23  Hatchery  
  145  8:25  Grooved Spines  
  144  8:46  Drone  
  144  8:47  Drone x10  
  144  8:48  Drone x2  
  157  9:07  Extractor  
  157  9:09  Extractor  
  155  9:11  Hydralisk  
  155  9:12  Hydralisk x7  
  171  9:26  Zerg Ground Armor Level 2  
  171  9:31  Hydralisk x10  
  171  9:36  Muscular Augments  
  191  9:39  Zergling x2  
  191  9:40  Zergling x2  
  187  10:32  Drone x10  
  187  10:33  Drone x3  
  141  11:09  Hydralisk  
  141  11:10  Hydralisk x20  
  179  11:15  Hatchery  
Show
View Real Time Build Order
Export as new Build Order

Papa Terran 

Build Orders:  

Get SALT Encoding   

  12  0:11  Supply Depot  
  12  0:14  SCV  
  13  0:26  SCV  
  14  0:35  Barracks  
  14  0:44  Supply Depot  
  14  0:47  SCV  
  15  0:59  SCV  
  16  1:09  Refinery  
  16  1:12  SCV  
  17  1:24  SCV  
  18  1:27  Marine  
  19  1:37  SCV  
  20  1:44  Refinery  
  20  1:45  Marine  
  21  1:49  SCV  
  22  2:01  SCV  
  22  2:03  Marine  
  24  2:12  Factory  
  24  2:13  SCV  
  25  2:21  Marine  
  26  2:25  SCV  
  27  2:36  Supply Depot  
  27  2:38  SCV  
  27  2:39  Marine  
  29  2:50  SCV  
  30  2:56  Marine  
  30  2:58  Factory Tech Lab  
  31  3:02  Starport  
  31  3:03  Engineering Bay  
  31  3:13  Command Center  
  31  3:15  SCV  
  32  3:24  Barracks  
  32  3:28  Marine  
  33  3:44  Orbital Command  
  33  3:46  Siege Tank  
  36  4:00  Bunker  
  36  4:01  Barracks Reactor  
  36  4:09  Fusion Core  
  36  4:26  Barracks Tech Lab  
  36  4:58  Starport Tech Lab  
  36  5:10  Starport  
  36  5:22  Bunker  
  36  5:23  Bunker  
  36  5:24  Bunker  
  36  5:42  Orbital Command  
  36  5:55  Missile Turret  
  36  6:05  Bunker  
  36  6:13  Marine x2  
  36  6:14  Marauder  
  40  6:20  Siege Tank  
  40  6:22  Battlecruiser  
  40  6:25  Starport Tech Lab  
  49  6:30  Marine  
  49  6:31  Marine  
  51  6:33  Supply Depot  
  51  6:35  Marauder  
  53  6:49  Supply Depot  
  53  7:12  Bunker  
  53  7:28  Refinery  
  53  7:29  Marine  
  54  7:30  Marine  
  54  7:31  Marauder  
  54  7:35  Siege Tank  
  60  7:43  Battlecruiser  
  66  7:47  Marine x2  
  68  7:52  Marine, SCV  
  70  8:02  SCV  
  70  8:04  SCV  
  70  8:05  Marine x2  
  73  8:09  Marine  
  73  8:11  Factory  
  73  8:12  Neosteel Armor  
  75  8:14  SCV  
  75  8:16  SCV  
  77  8:22  Combat Shield  
  77  8:26  SCV  
  78  8:43  Refinery  
  78  9:17  Missile Turret  
  78  9:34  Factory Tech Lab  
  78  9:39  Missile Turret  
  78  9:40  Concussive Shells  
  78  9:46  Armory  
  78  9:59  Missile Turret  
  78  10:23  Missile Turret  
  78  10:26  Starport  
  78  10:28  SCV x2  
  78  10:33  Battlecruiser  
  71  10:53  SCV x2  
  40  11:05  SCV  
  35  11:17  Starport Tech Lab  
  36  11:18  Battlecruiser  
Tags
 
Add a new tag
Caveats
  • Supply blocks, unpowered buildings, or Contaminate may cause inaccurate times.
  • Supply counts are checked every 10 seconds.